Map: Ruins of Seras

Players

김멱

  • Race: Terran Terran

Nero - Winner!

  • Race: Protoss Protoss

VOD

Have the link to the VOD?

Description

Time

  • Played on: Jan. 26, 2016, 10:58 a.m.
  • Length: 12:28
Show
View Real Time Build Order
Export as new Build Order

김멱 Terran 

Build Orders:  

Get SALT Encoding   

  12  0:01  SCV  
  13  0:13  SCV  
  14  0:18  Supply Depot  
  14  0:25  SCV  
  15  0:40  SCV  
  15  0:41  Barracks  
  16  0:52  SCV  
  16  0:53  Refinery  
  17  1:04  SCV  
  17  1:07  Refinery  
  18  1:16  SCV  
  19  1:28  SCV  
  20  1:35  Supply Depot  
  20  1:41  Reaper  
  20  1:44  Orbital Command  
  21  2:05  Factory  
  21  2:10  SCV  
  21  2:13  Marine  
  23  2:22  SCV  
  24  2:31  Marine, Command Center  
  25  2:48  Marine  
  26  3:06  Marine  
  27  3:16  Factory Tech Lab  
  27  3:20  SCV  
  27  3:24  Supply Depot, Marine  
  29  3:32  SCV  
  30  3:38  Barracks  
  30  3:39  Barracks  
  30  3:40  Barracks  
  28  3:44  SCV  
  25  3:50  Marine  
  21  3:56  SCV  
  21  4:02  Engineering Bay  
  21  4:08  Marine  
  22  4:16  SCV  
  23  4:23  SCV  
  24  4:26  Marine  
  24  4:28  Marine x2, SCV  
  28  4:44  Marine, Missile Turret  
  29  4:50  Marine x2  
  31  4:53  Barracks Tech Lab  
  31  4:54  Widow Mine  
  33  5:02  Marine  
  33  5:19  Marine x4  
  37  5:37  Marine x4  
  39  5:54  Marine  
  34  6:00  Marine x3  
  32  6:06  SCV  
  32  6:09  Combat Shields  
  33  6:12  Marine  
  33  6:18  Marine x3, SCV  
  36  6:19  Widow Mine  
  40  6:27  SCV  
  40  6:30  SCV  
  42  6:33  Marine  
  42  6:36  Marine x3  
  46  6:42  Missile Turret  
  46  6:43  SCV  
  46  6:45  Refinery  
  47  6:47  SCV, Widow Mine  
  47  6:51  Marine  
  47  6:53  Marine  
  52  6:59  SCV  
  52  7:00  Marine  
  54  7:15  Marine x2  
  54  7:22  Marine  
  54  7:28  Supply Depot  
  54  7:30  Marine  
  54  7:32  Supply Depot  
  54  7:33  Supply Depot, Marine x2  
  57  7:39  Marine  
  57  7:42  Starport  
  58  7:48  Marine  
  58  7:49  Orbital Command  
  58  7:50  Marine  
  58  7:51  Marine  
  60  7:53  Refinery  
  60  7:55  Terran Infantry Weapons Level 1  
  60  7:57  Marine  
  61  8:10  Marine x2  
  64  8:15  Marine  
  64  8:17  Barracks Reactor  
  64  8:21  Starport Reactor  
  64  8:28  Marine x2  
  64  8:33  Marine  
  67  8:37  Widow Mine  
  68  9:00  Barracks Reactor, Marine x4  
  70  9:06  Widow Mine  
  70  9:09  Command Center  
  71  9:12  Mag-Field Accelerator  
  71  9:14  Stimpack, SCV  
  72  9:18  Marine x2  
  72  9:19  Marauder  
  72  9:22  Marine  
  77  9:26  SCV  
  70  9:36  Marine  
  71  9:46  Marine x2  
  71  9:47  Widow Mine  
  71  9:48  Barracks Reactor  
  71  9:50  SCV  
  76  9:54  SCV  
  75  10:02  SCV  
  75  10:07  SCV  
  77  10:10  Marine x4  
  77  10:14  SCV  
  82  10:15  Widow Mine  
  82  10:19  SCV  
  82  10:20  Medivac x2  
  89  10:25  Supply Depot  
  89  10:26  Terran Infantry Armor Level 1  
  90  10:28  SCV  
  90  10:31  SCV  
  91  10:40  SCV  
  91  10:42  Marine x2  
  92  10:43  SCV  
  92  10:47  Marine x3  
  98  10:50  Medivac  
  98  10:54  SCV  
  98  10:55  SCV  
  102  11:02  Supply Depot  
  102  11:06  SCV  
  102  11:07  SCV  
  86  11:22  Marine x3  
Show
View Real Time Build Order
Export as new Build Order

Nero Protoss - Winner!

Build Orders: Oracle Opening 

Get SALT Encoding   

  12  0:01  Probe (Chrono Boost)  
  13  0:12  Probe (Chrono Boost)  
  14  0:21  Pylon  
  14  0:24  Probe (Chrono Boost)  
  15  0:40  Probe (Chrono Boost)  
  15  0:41  Gateway  
  16  0:47  Assimilator  
  16  0:50  Probe (Chrono Boost)  
  17  1:01  Probe (Chrono Boost)  
  18  1:13  Probe (Chrono Boost)  
  18  1:16  Assimilator  
  19  1:19  Pylon  
  19  1:29  Cybernetics Core  
  19  1:32  Zealot  
  21  1:35  Probe (Chrono Boost)  
  22  1:46  Probe (Chrono Boost)  
  23  1:57  Probe (Chrono Boost)  
  24  2:10  Stargate  
  24  2:17  Gateway  
  24  2:19  Pylon  
  24  2:20  Probe (Chrono Boost)  
  25  2:29  Adept  
  27  2:53  Oracle (Chrono Boost)  
  30  3:13  Adept x2  
  34  3:23  Nexus  
  34  3:40  Adept  
  34  3:41  Adept  
  38  4:24  Pylon  
  38  4:26  Pylon  
  38  4:35  Adept x2, Oracle (Chrono Boost)  
  45  4:45  Probe  
  45  4:50  Mothership Core  
  48  4:55  Gateway  
  48  4:56  Warp Gate (Chrono Boost), Probe  
  48  4:57  Gateway  
  46  5:31  Adept x2  
  46  5:34  Pylon  
  50  5:41  Pylon  
  50  5:48  Gateway x2  
  31  6:15  Probe  
  31  6:16  Probe  
  33  6:21  Assimilator  
  33  6:26  Probe, Assimilator  
  33  6:28  Probe  
  35  6:40  Probe  
  35  6:42  Probe  
  37  6:47  Pylon  
  37  6:51  Probe  
  39  6:54  Probe  
  39  7:06  Adept x2  
  39  7:07  Adept x4  
  51  7:11  Robotics Facility  
  33  7:26  Gateway  
  33  7:29  Gateway  
  32  7:31  Probe  
  32  7:32  Gateway, Probe  
  32  7:33  Gateway  
  34  7:37  Robotics Facility  
  34  7:42  Probe  
  35  7:44  Probe  
  35  7:47  Adept x3  
  35  7:48  Adept x3  
  48  8:09  Probe  
  48  8:11  Probe  
  50  8:13  Adept x3  
  50  8:14  Adept x3  
  62  8:23  Probe  
  62  8:24  Probe  
  64  8:28  Adept x2  
  64  8:30  Observer (Chrono Boost)  
  69  8:35  Pylon, Probe  
  69  8:36  Probe  
  69  8:41  Adept x2  
  75  8:46  Sentry x3  
  81  8:49  Observer (Chrono Boost)  
  81  8:52  Adept  
  84  9:00  Adept x2  
  88  9:07  Adept  
  88  9:08  Adept  
  92  9:11  Sentry  
  94  9:19  Pylon  
  94  9:20  Pylon  
  94  9:38  Adept x5  
  96  9:39  Adept  
  102  10:02  Adept  
  102  10:03  Adept x3  
  110  10:07  Pylon  
  110  10:08  Pylon  
  110  10:21  Pylon  
  109  10:40  Stalker x4  
  109  10:41  Stalker x3  
  123  10:44  Sentry  
  123  10:45  Sentry  
  123  10:48  Sentry  
  123  11:21  Adept x5  
  117  12:11  Adept x3  
  117  12:12  Adept x5  
Tags
 
Matchup
PvT
Replay Pack
rep
Add a new tag
Caveats
  • Supply blocks, unpowered buildings, or Contaminate may cause inaccurate times.
  • Supply counts are checked every 10 seconds.